 Dungeon Crawl Stone Soup version 0.18.1-8-gdd0e5ea (webtiles) character file.

3305 kae the Carver (level 9, -4/70 HPs)
             Began as a Minotaur Fighter on May 29, 2016.
             Was a Priest of Makhleb.
             Slain by a two-headed ogre
             ... wielding a +0 giant club
              (11 damage)
             ... on level 8 of the Dungeon.
             The game lasted 00:08:16 (7249 turns).

kae the Carver (Minotaur Fighter)                   Turns: 7249, Time: 00:08:17

Health: -4/70      AC:  7    Str: 22    XL:     9   Next: 70%
Magic:  12/12      EV:  7    Int:  8    God:    Makhleb [***...]
Gold:   190        SH:  9    Dex: 11    Spells: 0 memorised, 8 levels left

rFire  . . .     SeeInvis .     a - +1 long sword
rCold  . . .     Gourm    .     b - +1 scale mail
rNeg   . . .     Faith    .     c - +0 shield
rPois  +         Spirit   .     (helmet restricted)
rElec  .         Dismiss  .     (no cloak)
rCorr  .         Reflect  .     (no gloves)
SustAt .         Harm     +     (no boots)
MR     .....                    q - amulet of harm
Stlth  ..........               D - +2 ring of dexterity
                                y - ring of poison resistance

@: marked, invisible, not resistant to hostile enchantments, extremely
unstealthy
A: retaliatory headbutt, horns 2
a: Minor Destruction, Lesser Servant of Makhleb, Renounce Religion


You were on level 8 of the Dungeon.
You worshipped Makhleb.
Makhleb was most pleased with you.
You were hungry.

You visited 1 branch of the dungeon, and saw 8 of its levels.

You collected 310 gold pieces.
You spent 120 gold pieces at shops.

Inventory:

Hand Weapons
 a - a +1 long sword (weapon)
Armour
 b - a +1 scale mail (worn)
 c - a +0 shield (worn)
Jewellery
 q - an amulet of harm (around neck)
 t - a +3 ring of intelligence
 y - a ring of poison resistance (left hand)
 D - a +2 ring of dexterity (right hand)
Wands
 z - a wand of disintegration (4/24)
 B - a wand of confusion (21/48)
Scrolls
 e - a scroll of enchant weapon
 l - 4 scrolls of remove curse
 o - 3 scrolls of recharging
 r - a scroll of identify
 A - a scroll of teleportation
 C - a scroll of blinking {unknown}
 F - a scroll of magic mapping {unknown}
Potions
 d - a potion of ambrosia
 g - a potion of mutation
 h - 3 potions of heal wounds
 k - a potion of resistance
 m - 2 potions of brilliance
 s - a potion of invisibility
 u - a potion of magic {unknown}
 v - 2 potions of curing
 x - a potion of lignification
 E - a potion of degeneration {unknown}
 G - 2 potions of flight {unknown}
Comestibles
 f - 2 bread rations
 i - 3 meat rations
 j - 2 slices of pizza
 n - a royal jelly
 p - 22 fruits
 w - 2 beef jerkies


   Skills:
 - Level 3.6 Fighting
 - Level 14.2 Long Blades
 - Level 3.6 Armour
 - Level 3.6 Shields
 + Level 5.8 Invocations


You had 8 spell levels left.
You didn't know any spells.

Dungeon Overview and Level Annotations

Branches:
Dungeon (8/15)             Temple (0/1) D:5
   Lair: D:8-11

Altars:
Fedhas
Makhleb
Okawaru
Qazlal
Ru
Vehumet

Shops:
D:4 *   D:6 :


Innate Abilities, Weirdness & Mutations

You reflexively headbutt those who attack you in melee.
You have a pair of horns on your head.


Message History

You hit the two-headed ogre.
The two-headed ogre is severely wounded.
The two-headed ogre hits you with a giant club!!
* * * LOW HITPOINT WARNING * * *
The two-headed ogre closely misses you.
Unknown command.
Drink which item? (? for menu, Esc to quit)
Okay, then.
Read which item? (? for menu, Esc to quit)
Okay, then.
Drink which item? (? for menu, Esc to quit)
You feel much better.
An orc warrior comes into view. It is wielding a dire flail.
You see here 2 chunks of flesh.
Drink which item? (? for menu, Esc to quit)
You fade into invisibility!
The two-headed ogre hits you with a giant club!!
* * * LOW HITPOINT WARNING * * *
The two-headed ogre hits you with a giant club!
You die...

######....#....###.#.####
##.........##.#.# #.
#....≈....##.#.###.
#....≈....##.#...#.
#.........##...#.#.
#.........####.#...
##.#####...(.#.#### #.#
#....#.#..... #@#
#.<..######## #O#
#.#.........#
#O####....#####...
.o................
.#.############†... #o#.#
#.... # #.# #.... #.#
#.... ... #.###


You could see a two-headed ogre, an ogre and an orc.

Vanquished Creatures
  The ghost of Kite the Skirmisher, a novice GrFi (D:6)
  The ghost of tyrsky the Twirler, an amateur MiGl (D:5)
  An orc warrior (D:6)
  A black bear (D:8)
  4 phantoms
  A wasp (D:8)
  2 ice beasts (D:6)
  4 sky beasts
  An ogre (D:8)
  2 centaurs
  4 giant frogs
  2 scorpions
  2 howler monkeys
  2 crimson imps
  A hound (D:8)
  An orc priest (D:3)
  2 iguanas
  13 orc wizards
  2 worker ants
  2 hound skeletons
  2 howler monkey zombies
  2 worker ant zombies
  12 adders
  A shadow imp (D:5)
  3 worms
  A dart slug (D:1)
  2 giant geckos
  29 orcs
  4 giant cockroaches
  12 goblins
  6 hobgoblins
  9 jackals
  9 kobolds
  7 quokkas
  A ball python (D:3)
  14 bats
  7 giant newts
  9 rats
179 creatures vanquished.

Vanquished Creatures (others)
  A sky beast (D:6)
1 creature vanquished.

Grand Total: 180 creatures vanquished

Notes
Turn   | Place    | Note
--------------------------------------------------------------
     0 | D:1      | kae the Minotaur Fighter began the quest for the Orb.
     0 | D:1      | Reached XP level 1. HP: 19/19 MP: 0/0
   114 | D:1      | Reached skill level 3 in Long Blades
   123 | D:1      | Reached XP level 2. HP: 25/26 MP: 1/1
   649 | D:2      | Reached skill level 4 in Long Blades
   657 | D:2      | Found a radiant altar of Vehumet.
   704 | D:2      | Reached XP level 3. HP: 15/31 MP: 2/2
  1031 | D:2      | Reached skill level 5 in Long Blades
  1041 | D:2      | Reached XP level 4. HP: 35/39 MP: 3/3
  1465 | D:3      | Reached skill level 6 in Long Blades
  1708 | D:3      | Reached XP level 5. HP: 44/45 MP: 4/4
  1987 | D:3      | Reached skill level 7 in Long Blades
  2026 | D:3      | Reached XP level 6. HP: 26/51 MP: 5/5
  2562 | D:4      | Reached skill level 8 in Long Blades
  2589 | D:4      | Found a burning altar of Makhleb.
  2655 | D:4      | Became a worshipper of Makhleb the Destroyer
  3042 | D:4      | Found Ugyn's General Store.
  3061 | D:4      | Bought a potion of heal wounds for 60 gold pieces
  3061 | D:4      | Bought a cursed -2 ring of strength for 24 gold pieces
  3061 | D:4      | Bought a potion of lignification for 36 gold pieces
  3502 | D:5      | Entered Level 5 of the Dungeon
  3583 | D:5      | Found a stormy altar of Qazlal.
  3583 | D:5      | Found a sacrificial altar of Ru.
  3737 | D:5      | Reached skill level 9 in Long Blades
  3755 | D:5      | Reached XP level 7. HP: 48/57 MP: 6/6
  4019 | D:5      | Found a staircase to the Ecumenical Temple.
  4054 | D:5      | Noticed tyrsky's ghost (amateur MiGl)
  4065 | D:5      | Killed tyrsky's ghost
  4065 | D:5      | Reached skill level 10 in Long Blades
  4285 | D:5      | Reached skill level 11 in Long Blades
  4374 | D:5      | Reached XP level 8. HP: 35/64 MP: 7/7
  4612 | D:6      | Noticed Kite's ghost (novice GrFi)
  4635 | D:6      | Killed Kite's ghost
  4635 | D:6      | Reached skill level 12 in Long Blades
  4726 | D:6      | Reached * piety under Makhleb
  4807 | D:6      | Reached skill level 13 in Long Blades
  5183 | D:6      | Reached XP level 9. HP: 67/70 MP: 8/8
  5211 | D:6      | Reached ** piety under Makhleb
  5456 | D:6      | Found an iron altar of Okawaru.
  5516 | D:6      | Found Hes Qaipn's Book Shop.
  5521 | D:6      | Reached skill level 14 in Long Blades
  6088 | D:7      | Reached skill level 1 in Invocations
  6701 | D:6      | Reached *** piety under Makhleb
  7075 | D:8      | Found a blossoming altar of Fedhas.
  7119 | D:8      | Reached skill level 5 in Invocations
  7249 | D:8      | Slain by a two-headed ogre

Skill      XL: |  1  2  3  4  5  6  7  8  9 |
---------------+----------------------------+-----
Long Blades    | 3 4 5 6 7 9 11 13 14 | 14.2
Invocations    | 5 |  5.8
Fighting       | |  3.6
Armour         | |  3.6
Shields        | |  3.6

Action                   |  1- 3 |  4- 6 |  7- 9 || total
-------------------------+-------+-------+-------++-------
Melee: Long sword        |   106 |   138 |   330 ||   574
       Headbutt          |    14 |    24 |    42 ||    80
Evoke: Wand              |       |       |     2 ||     2
  Use: Potion            |       |     1 |     4 ||     5
       Scroll            |       |     8 |     7 ||    15
  Eat: Chunk             |       |     8 |    12 ||    20
Armor: Scale mail        |    68 |    52 |    99 ||   219
Dodge: Dodged            |    35 |    30 |    59 ||   124
Block: Shield            |    62 |    62 |    92 ||   216
